[Event "Titled Tuesday Blitz May 10 Early 2022"]
[White "Hakobyan, Aram"]
[Black "Oganian, Miran"]
[WhiteFideId "13306677"]
[BlackFideId "4122488"]
[WhiteElo "2557"]
[BlackElo "2357"]
[Result "1/2-1/2"]
[Round "09"]
[TimeControl "180+1"]
[Date "2022.05.10"]
[WhiteClock "0:00:08"]
[BlackClock "0:00:08"]

1. d4 d5 2. c4 e6 3. Nc3 a6 4. cxd5 exd5 5. Nf3 Nf6 6. Bg5 Be7 7. e3 c6 8. Bd3 Nbd7 9. O-O O-O 10. Qc2 Re8 11. h3 Nf8 12. Bf4 Ng6 13. Rae1 Bd6 14. Bg5 Bd7 15. e4 dxe4 16. Nxe4 Be7 17. Nc5 b6 18. Nxd7 Qxd7 19. Ne5 Qxd4 20. Nxc6 Qd6 21. Rd1 Rac8 22. Nxe7+ Qxe7 23. Qa4 Ne5 24. Bxa6 Ra8 25. Rfe1 Qa7 26. Qd4 Nc6 27. Rxe8+ Rxe8 28. Qc3 Qxa6 29. Bxf6 gxf6 30. Qxc6 Re6 31. Rd8+ Kg7 32. Qc3 Qa5 33. Qxa5 bxa5 34. Rd2 Re1+ 35. Kh2 Rb1 36. b3 a4 37. bxa4 Rb4 38. a3 Rxa4 39. Rd3 f5 40. Kg3 Kf6 41. Kf3 Ke5 42. Ke3 f4+ 43. Kd2 Ke4 44. f3+ Kf5 45. Kc2 Kg5 46. Kb3 Ra7 47. a4 Kh4 48. Kb4 Kg3 49. Rd2 Rb7+ 50. Kc5 Rc7+ 51. Kb6 Rc1 52. a5 Rb1+ 53. Ka7 h5 54. a6 h4 55. Ka8 f5 56. a7 Rb3 57. Rd7 Kxg2 58. Rb7 Ra3 59. Kb8 Kxf3 60. a8=Q Rxa8+ 61. Kxa8 Kg3 62. Rf7 Kxh3 63. Rxf5 Kg4 64. Rf8 h3 65. Rg8+ Kf3 66. Rh8 Kg3 67. Rg8+ Kf2 68. Rh8 Kg2 69. Rg8+ Kf2 70. Rh8 Kg3 71. Rg8+ Kf3 72. Rh8 Kg4 73. Rg8+ Kf3 1/2-1/2


[Site "https://www.chess.com"]

[Event "Titled Tuesday Blitz May 10 Early 2022"]
[White "Horak, Martin"]
[Black "Ardila, Oscar Humberto"]
[WhiteFideId "367095"]
[BlackFideId "4404742"]
[WhiteElo "1997"]
[BlackElo "1928"]
[Result "0-1"]
[Round "09"]
[TimeControl "180+1"]
[Date "2022.05.11"]
[WhiteClock "0:00:05"]
[BlackClock "0:01:11"]

1. Nf3 Nf6 2. c4 g6 3. Nc3 Bg7 4. e4 d6 5. d4 O-O 6. h3 Nbd7 7. Be3 e5 8. d5 Nc5 9. Nd2 a5 10. g4 c6 11. Be2 cxd5 12. cxd5 Bd7 13. g5 Ne8 14. Nb3 b6 15. h4 f5 16. gxf6 Nxf6 17. Nxc5 bxc5 18. h5 Rb8 19. b3 Qb6 20. hxg6 hxg6 21. Qd2 Qb4 22. f3 a4 23. Nxa4 Bxa4 24. Qxb4 Rxb4 25. bxa4 Rxa4 26. Bb5 Ra5 27. Bc6 Rb8 28. Kf2 Rb2+ 29. Kg3 Ra3 30. Rhe1 Raxa2 31. Rxa2 Rxa2 32. Rb1 Nh5+ 33. Kg4 Rg2+ 34. Kh3 Rg3+ 35. Kh2 Rxf3 36. Bg5 c4 37. Be7 c3 38. Bxd6 c2 39. Rc1 Rc3 40. Ba4 Bh6 41. Rxc2 Bf4+ 42. Kg2 Rg3+ 43. Kf2 Rh3 44. Bd7 Rh2+ 45. Kf3 Rxc2 46. Kg4 Kg7 47. Be6 Rc3 48. Kh4 Re3 49. Be7 Rxe4 50. d6 Bg3+ 51. Kh3 Rd4 52. d7 Nf4+ 53. Kxg3 Nxe6 54. d8=Q Nxd8 55. Bxd8 Rxd8 56. Kf3 Kf6 57. Ke4 Rd4+ 0-1


[Site "https://www.chess.com"]

[Event "Titled Tuesday Blitz May 10 Early 2022"]
[White "Howell, David W L"]
[Black "Sailer, Mike"]
[WhiteFideId "410608"]
[BlackFideId "2012901"]
[WhiteElo "2559"]
[BlackElo "2109"]
[Result "1-0"]
[Round "09"]
[TimeControl "180+1"]
[Date "2022.05.11"]
[WhiteClock "0:00:11"]
[BlackClock "0:00:10"]

1. e4 d5 2. exd5 Qxd5 3. d4 Nc6 4. Be3 Nf6 5. c4 Qa5+ 6. Nc3 Bg4 7. Be2 Bxe2 8. Nxe2 O-O-O 9. O-O Qh5 10. Qa4 e6 11. Nf4 Qa5 12. Qxa5 Nxa5 13. b3 Bb4 14. Nce2 Nc6 15. Nd3 Be7 16. f3 h6 17. Rad1 g5 18. h3 Nh5 19. g4 Ng7 20. Ne5 Nxe5 21. dxe5 Rxd1 22. Rxd1 h5 23. Ng3 hxg4 24. hxg4 Rd8 25. Rxd8+ Kxd8 26. Ne4 Ke8 27. Kf2 b6 28. Bxg5 Bxg5 29. Nxg5 Ke7 30. Ne4 Ne8 31. f4 c6 32. Ke3 Nc7 33. f5 exf5 34. gxf5 Ne8 35. Kf4 Nc7 36. Kg5 Na6 37. a3 c5 38. f6+ Ke6 39. Kf4 Nb8 40. Ng5+ Kd7 41. Nxf7 Nc6 42. Ng5 Nd4 43. Ke4 Nxb3 44. e6+ Ke8 45. f7+ Ke7 46. Nh7 Nd2+ 47. Kd5 1-0


[Site "https://www.chess.com"]

[Event "Titled Tuesday Blitz May 10 Early 2022"]
[White "Iljin, Timofey"]
[Black "Estrada Nieto, Julian"]
[WhiteFideId "14110180"]
[BlackFideId "5101018"]
[WhiteElo "2404"]
[BlackElo "2252"]
[Result "1/2-1/2"]
[Round "09"]
[TimeControl "180+1"]
[Date "2022.05.11"]
[WhiteClock "0:01:18"]
[BlackClock "0:00:03"]

1. d4 d5 2. c4 dxc4 3. e4 e5 4. Nf3 exd4 5. Bxc4 Nc6 6. O-O Be6 7. Bb5 Bc5 8. b4 Bb6 9. a4 a6 10. Bxc6+ bxc6 11. a5 Ba7 12. Bb2 Nf6 13. Nxd4 Bxd4 14. Bxd4 Nxe4 15. Bxg7 Qxd1 16. Rxd1 Rg8 17. Be5 Bh3 18. Bg3 Nxg3 19. hxg3 Be6 20. Nc3 Rg4 21. Na4 Rxb4 22. Nc5 Rc4 23. Nxe6 fxe6 24. Rac1 Rxc1 25. Rxc1 Kd7 26. Rd1+ Ke7 27. Rc1 Kd6 28. Rd1+ Ke7 29. Rc1 Kd6 30. Rd1+ Kc5 31. Rd7 Kb5 32. Rxc7 c5 33. f4 c4 34. Kf2 h5 35. Ke3 Rd8 36. Rh7 Rd3+ 37. Ke4 Rxg3 38. Rxh5+ Kb4 39. Re5 Rxg2 40. Kf3 Ra2 41. Rxe6 Rxa5 42. Ke4 c3 43. Rc6 Kb3 44. f5 Ra1 45. f6 a5 46. Kd3 Rd1+ 47. Ke2 Rd8 48. Rb6+ Kc2 49. f7 Rf8 50. Rb7 a4 51. Ra7 Kb3 52. Rb7+ Kc4 53. Rc7+ Kb4 54. Kd3 Rd8+ 55. Kc2 Rd2+ 56. Kc1 Rf2 57. Rb7+ Ka3 58. Kb1 c2+ 59. Kc1 Ka2 60. Rb2+ Ka3 61. Rb7 Ka2 62. Rb2+ Ka3 63. Rb7 1/2-1/2


[Site "https://www.chess.com"]

[Event "Titled Tuesday Blitz May 10 Early 2022"]
[White "Ivanisevic, Ivan"]
[Black "Yurtseven, Melih"]
[WhiteFideId "912417"]
[BlackFideId "6312160"]
[WhiteElo "2495"]
[BlackElo "2160"]
[Result "1-0"]
[Round "09"]
[TimeControl "180+1"]
[Date "2022.05.11"]
[WhiteClock "0:00:15"]
[BlackClock "0:00:02"]

1. e4 e5 2. Nf3 Nc6 3. Bc4 Nf6 4. d3 h6 5. O-O d6 6. c3 g5 7. Bb3 Bg7 8. Nbd2 Bg4 9. Nc4 d5 10. Ne3 Be6 11. Re1 dxe4 12. Bxe6 exf3 13. Bb3 fxg2 14. Nf5 O-O 15. Qf3 Qd7 16. Nxh6+ Bxh6 17. Qxf6 Kh7 18. Bxg5 Bxg5 19. Qxg5 Rg8 20. Qh4+ Kg7 21. Re3 Kf8 22. Rae1 Qg4 23. Qf6 Qg7 24. Qf5 Qg6 25. Rf3 Qxf5 26. Rxf5 Rg7 27. Re3 Ke7 28. Rg3 Rag8 29. Rxf7+ Rxf7 30. Rxg8 Rf3 31. Rg3 Rf4 32. Kxg2 a5 33. h3 a4 34. Bd5 a3 35. b4 Kd6 36. Be4 Rh4 37. Rg4 Rh8 38. h4 Nd8 39. Rg6+ Kd7 40. Bf5+ Ke7 41. Kg3 Rf8 42. Bg4 Nf7 43. h5 Rh8 44. Kh4 c6 45. Re6+ Kf8 46. Rf6 Ke7 47. Rg6 Rd8 48. Bf5 Rh8 49. Be6 Nd6 50. h6 e4 51. d4 Nb5 52. Bb3 Nxc3 53. Kg5 e3 54. fxe3 Ne4+ 55. Kf4 Nd2 56. Bc2 Rf8+ 57. Kg4 Rf2 58. h7 Rh2 59. Rg7+ Kf6 60. Rg8 Rg2+ 61. Kh3 1-0


[Site "https://www.chess.com"]

[Event "Titled Tuesday Blitz May 10 Early 2022"]
[White "Janaszak, Dawid"]
[Black "Hambleton, Aman"]
[WhiteFideId "1119206"]
[BlackFideId "2606577"]
[WhiteElo "2199"]
[BlackElo "2552"]
[Result "0-1"]
[Round "09"]
[TimeControl "180+1"]
[Date "2022.05.10"]
[WhiteClock "0:00:06"]
[BlackClock "0:00:09"]

1. e4 b6 2. d4 Bb7 3. Bg5 Bxe4 4. d5 h6 5. Bf4 c6 6. Nc3 Bxd5 7. Nxd5 cxd5 8. Qxd5 Nc6 9. O-O-O Nf6 10. Qf3 e6 11. Bb5 Qc8 12. Ne2 a6 13. Ba4 b5 14. Bb3 Be7 15. Kb1 Na5 16. Nd4 Qb7 17. Qg3 Nh5 18. Qg4 Nxf4 19. Qxf4 O-O 20. Rhe1 Nxb3 21. axb3 a5 22. Nf5 Bg5 23. Nd6 Bxf4 24. Nxb7 d5 25. Nc5 Rfc8 26. Nd3 Bd6 27. g3 a4 28. bxa4 bxa4 29. c3 a3 30. Re2 axb2 31. Kxb2 Rcb8+ 32. Nb4 Bxb4 33. cxb4 Rxb4+ 0-1


[Site "https://www.chess.com"]

[Event "Titled Tuesday Blitz May 10 Early 2022"]
[White "Jannatul, Ferdous"]
[Black "Lauridsen, Jesper Morch"]
[WhiteFideId "10212590"]
[BlackFideId "1401890"]
[WhiteElo "1707"]
[BlackElo "2210"]
[Result "1-0"]
[Round "09"]
[TimeControl "180+1"]
[Date "2022.05.11"]
[WhiteClock "0:01:14"]
[BlackClock "0:00:01"]

1. e4 e6 2. Nf3 c5 3. d4 cxd4 4. Nxd4 Nc6 5. Nc3 Qc7 6. Ndb5 Qb8 7. Bg5 a6 8. Nd4 Bb4 9. Nxc6 bxc6 10. Qd2 d5 11. exd5 cxd5 12. Be2 Nf6 13. Bxf6 gxf6 14. O-O-O Bd7 15. Rhe1 Qc7 16. Qd4 Bxc3 17. bxc3 Qe5 18. Bb5 Qxd4 19. Bxd7+ Kxd7 20. cxd4 Rhc8 21. Re3 Rc4 22. Rb3 Rac8 23. Rd2 R8c7 24. Kb2 a5 25. c3 a4 26. Ra3 Rb7+ 27. Kc2 Rc6 28. Rxa4 Rcb6 29. Kd3 Rb1 30. Ra8 e5 31. Rf8 e4+ 32. Ke2 Ke6 33. Rh8 R7b2 34. Rxh7 Rxd2+ 35. Kxd2 Rb2+ 36. Ke3 Rc2 37. h4 Rxc3+ 38. Ke2 Ra3 39. h5 Rxa2+ 40. Ke3 Ra1 41. g4 Rg1 42. f3 Rg3 43. h6 Rxf3+ 44. Ke2 Rh3 45. Rg7 Ke7 46. Rh7 Ke6 47. Rh8 1-0


[Site "https://www.chess.com"]

[Event "Titled Tuesday Blitz May 10 Early 2022"]
[White "Jaracz, Pawel"]
[Black "Stribuk, Artiom"]
[WhiteFideId "1102222"]
[BlackFideId "13515659"]
[WhiteElo "2429"]
[BlackElo "2259"]
[Result "0-1"]
[Round "09"]
[TimeControl "180+1"]
[Date "2022.05.10"]
[WhiteClock "0:00:10"]
[BlackClock "0:00:08"]

1. d4 Nf6 2. c4 c5 3. Nf3 cxd4 4. Nxd4 e5 5. Nb5 d5 6. cxd5 Bc5 7. N5c3 O-O 8. g3 Qb6 9. e3 Bg4 10. Be2 Bh3 11. Nd2 Nbd7 12. a3 Qc7 13. Bf3 Rac8 14. Nde4 h6 15. g4 Nxe4 16. Nxe4 f5 17. gxf5 Bxf5 18. Rg1 Kh8 19. b4 Bd6 20. Bb2 Nf6 21. Nc5 e4 22. Be2 Bxh2 23. Rg2 Be5 24. Bd4 b6 25. Ne6 Bxe6 26. dxe6 Rfd8 27. Ba6 Bxd4 28. exd4 Qc3+ 29. Kf1 Rxd4 30. Qe1 Qxe1+ 31. Rxe1 Re8 32. Rc1 Re7 33. Bc8 g5 34. Rg3 Kg7 35. Rgc3 Nd5 36. Rc4 Rxc4 37. Rxc4 Nf4 38. Rxe4 Kf6 39. f3 Nxe6 40. Kf2 Nf4 41. Rc4 h5 42. Rc6+ Kg7 43. Bf5 Re2+ 44. Kf1 Ra2 45. Rc7+ Kf6 46. Be4 Ra1+ 47. Kf2 Rxa3 48. Rc6+ Ke5 49. Rc7 Ra2+ 50. Kf1 Kd4 51. Ke1 Ke3 52. Kd1 Ra1+ 53. Kc2 h4 54. Rg7 h3 55. Rxg5 h2 0-1


[Site "https://www.chess.com"]

[Event "Titled Tuesday Blitz May 10 Early 2022"]
[White "Jarovinsky, Alexey"]
[Black "Maximov, Dmitry"]
[WhiteFideId "14115131"]
[BlackFideId "14105659"]
[WhiteElo "2446"]
[BlackElo "2494"]
[Result "0-1"]
[Round "09"]
[TimeControl "180+1"]
[Date "2022.05.10"]
[WhiteClock "0:00:02"]
[BlackClock "0:00:34"]

1. Nc3 c5 2. e4 Nc6 3. Bb5 Nd4 4. Nf3 e6 5. O-O Nxb5 6. Nxb5 a6 7. Nc3 Be7 8. d4 cxd4 9. Qxd4 f6 10. Na4 b5 11. Nb6 Rb8 12. Nxc8 Rxc8 13. c3 Bc5 14. Qd3 Ne7 15. a4 Qb6 16. b4 Bd6 17. Rd1 Bb8 18. Qxd7+ Kf7 19. Be3 Qc6 20. axb5 axb5 21. Bc5 Rc7 22. Qxc6 Nxc6 23. Nd4 Nxd4 24. cxd4 Rb7 25. Kf1 h5 26. h3 h4 27. Ke2 g5 28. f3 Rd8 29. Ra6 f5 30. d5 exd5 31. Rxd5 Rxd5 32. exd5 Rd7 33. Rb6 Bf4 34. d6 Ke6 35. Rxb5 Bxd6 36. Rb6 Kd5 37. Rxd6+ Rxd6 38. Bxd6 Kxd6 39. Ke3 Kd5 40. Kd3 Ke5 41. Ke3 Kd5 42. f4 g4 43. Kd3 g3 44. Kc3 Ke4 45. b5 Ke3 46. b6 Kf2 47. b7 Kxg2 48. b8=Q Kxh3 49. Qf8 Kg4 50. Kd3 g2 51. Qh6 Kh3 0-1


[Site "https://www.chess.com"]

[Event "Titled Tuesday Blitz May 10 Early 2022"]
[White "Jaskolka, Tomasz"]
[Black "Hua, Lefong"]
[WhiteFideId "1170791"]
[BlackFideId "2602253"]
[WhiteElo "2073"]
[BlackElo "2602"]
[Result "0-1"]
[Round "09"]
[TimeControl "180+1"]
[Date "2022.05.11"]
[WhiteClock "0:00:54"]
[BlackClock "0:01:31"]

1. d4 Nf6 2. Bf4 g6 3. Nc3 d5 4. e3 Bg7 5. h4 c6 6. Nf3 Bg4 7. Be2 Bxf3 8. Bxf3 Nbd7 9. h5 Qb6 10. Qd2 O-O-O 11. O-O-O Rhe8 12. hxg6 hxg6 13. e4 dxe4 14. Nxe4 Nxe4 15. Bxe4 Nc5 16. Bf3 Rxd4 17. Qe2 Rxf4 18. c3 Ra4 19. a3 Bxc3 20. bxc3 Rxa3 21. Qc2 Nb3+ 22. Kb2 Nd4+ 0-1


[Site "https://www.chess.com"]

[Event "Titled Tuesday Blitz May 10 Early 2022"]
[White "Jeet, Jain"]
[Black "Kazarian, Anna-Maja"]
[WhiteFideId "5073022"]
[BlackFideId "1033689"]
[WhiteElo "2028"]
[BlackElo "2004"]
[Result "0-1"]
[Round "09"]
[TimeControl "180+1"]
[Date "2022.05.11"]
[WhiteClock "0:00:25"]
[BlackClock "0:00:17"]

1. Nf3 Nf6 2. e3 b6 3. b3 Bb7 4. Bb2 e6 5. c4 Be7 6. d4 O-O 7. Bd3 Ne4 8. O-O f5 9. Nc3 d6 10. d5 Nxc3 11. Bxc3 e5 12. Bc2 Nd7 13. Nd2 c6 14. e4 f4 15. f3 Bh4 16. b4 Qg5 17. Nb3 Rf6 18. Be1 Rg6 19. Qe2 Bxe1 20. Raxe1 Rc8 21. Rf2 Rh6 22. a4 Qh4 23. h3 Rg6 24. Kh1 Nf6 25. Qd2 Nh5 26. Bd3 Rc7 27. Rc1 Bc8 28. Kg1 Bxh3 29. Kf1 Ng3+ 30. Kg1 Bd7 0-1


[Site "https://www.chess.com"]

[Event "Titled Tuesday Blitz May 10 Early 2022"]
[White "Juhasz, Agoston"]
[Black "Shtyka, Sergey"]
[WhiteFideId "778346"]
[BlackFideId "4138465"]
[WhiteElo "2211"]
[BlackElo "2014"]
[Result "1-0"]
[Round "09"]
[TimeControl "180+1"]
[Date "2022.05.11"]
[WhiteClock "0:00:20"]
[BlackClock "0:00:14"]

1. e4 c5 2. Nf3 d6 3. Nc3 Nc6 4. d4 cxd4 5. Nxd4 g6 6. Be3 Bg7 7. Qd2 Nf6 8. f3 O-O 9. O-O-O d5 10. Qe1 e5 11. Nxc6 bxc6 12. exd5 Nxd5 13. Bc4 Be6 14. Kb1 Rb8 15. Bb3 Qe7 16. Ne4 Nxe3 17. Qxe3 Bxb3 18. axb3 a5 19. Qc5 Qb7 20. Qc4 Qb6 21. Nc5 Rfd8 22. Nd7 Qf2 23. Nxb8 Rxb8 24. Rd7 Rf8 25. Qf1 Qe3 26. Qd3 Qg5 27. g4 Qf4 28. h4 a4 29. bxa4 Qxa4 30. Rd8 Qa5 31. Rxf8+ Bxf8 32. c3 Qa4 33. h5 Qb3 34. hxg6 hxg6 35. Re1 Qe6 36. Re4 Bg7 37. Qd8+ Kh7 38. Re1 Bf6 39. Rh1+ 1-0


[Site "https://www.chess.com"]

[Event "Titled Tuesday Blitz May 10 Early 2022"]
[White "Jumabayev, Rinat"]
[Black "Sapunov, Evgeny"]
[WhiteFideId "13702661"]
[BlackFideId "4126661"]
[WhiteElo "2561"]
[BlackElo "2470"]
[Result "0-1"]
[Round "09"]
[TimeControl "180+1"]
[Date "2022.05.10"]
[WhiteClock "0:00:05"]
[BlackClock "0:00:17"]

1. e4 c5 2. Nf3 d6 3. d4 cxd4 4. Qxd4 a6 5. Be2 e6 6. O-O Nf6 7. Rd1 Nbd7 8. e5 dxe5 9. Nxe5 Qb6 10. Qxb6 Nxb6 11. c4 Nbd7 12. Bf4 Nxe5 13. Bxe5 Nd7 14. Bc7 b6 15. Nc3 Ra7 16. Bd6 Bb7 17. b4 Ba8 18. a4 Bxd6 19. Rxd6 Ke7 20. Rad1 Rc8 21. b5 a5 22. f4 Bd5 23. Nxd5+ exd5 24. R1xd5 Rb8 25. Rc6 g6 26. Kf2 Rbb7 27. Ke3 Rc7 28. Bg4 Rxc6 29. bxc6 Nc5 30. Bf3 Rc7 31. Re5+ Kd6 32. Kd4 Nxa4 33. Rd5+ Ke7 34. Rb5 Kd6 35. Bd5 f5 36. g3 Rc8 37. Rb1 Rc7 38. Re1 Re7 39. c7 Rxc7 40. Re6+ Kd7 41. Rf6 Nc5 42. Rxb6 a4 43. Rb5 Nb3+ 44. Kc3 Ra7 45. c5 Kc7 46. Bxb3 axb3 47. Kxb3 Ra1 48. Kc4 Rc1+ 49. Kd5 Rd1+ 50. Ke6 Rd2 51. h4 Rd3 52. Kf6 Rxg3 53. Ra5 Rg4 54. Ke5 Kc6 55. Ra7 Rxh4 56. Rg7 Rh1 57. Kf6 Kxc5 58. Rd7 Kc6 59. Rd3 Rh4 60. Ke5 Kc5 61. Rc3+ Kb4 62. Rd3 Kc4 63. Rd7 h5 64. Rg7 Rg4 65. Rd7 h4 66. Rd2 Rg3 67. Rh2 h3 68. Rd2 Kc3 69. Rd8 Rg2 70. Rh8 h2 71. Rh3+ Kd2 72. Kf6 Ke1 0-1


[Site "https://www.chess.com"]

[Event "Titled Tuesday Blitz May 10 Early 2022"]
[White "Kamsky, Gata"]
[Black "Keymer, Vincent"]
[WhiteFideId "2000024"]
[BlackFideId "12940690"]
[WhiteElo "2645"]
[BlackElo "2548"]
[Result "1/2-1/2"]
[Round "09"]
[TimeControl "180+1"]
[Date "2022.05.10"]
[WhiteClock "0:00:13"]
[BlackClock "0:00:09"]

1. d4 Nf6 2. Nf3 e6 3. Bf4 c5 4. e3 Nc6 5. c3 h6 6. h4 d5 7. Nbd2 Bd6 8. Ne5 Qc7 9. Bb5 O-O 10. Bxc6 bxc6 11. g4 cxd4 12. exd4 Nd7 13. Qe2 f6 14. Nxd7 Bxd7 15. Bxd6 Qxd6 16. O-O-O Qf4 17. f3 e5 18. Qh2 Qxh2 19. Rxh2 Rae8 20. Nb3 f5 21. g5 e4 22. f4 Re7 23. Nc5 Be8 24. Re1 Bh5 25. Re3 Bg4 26. b3 Kf7 27. Kd2 Ree8 28. Re1 Rh8 29. Ke3 Ke7 30. a4 Ref8 31. Rf1 Kd6 32. Rff2 Bh5 33. Rfg2 Bg4 34. Rf2 Bf3 35. Ra2 Rh7 36. g6 Rhh8 37. h5 Rb8 38. a5 Rb5 39. b4 Rbb8 40. Ra3 Rhf8 41. Raa2 Rb5 42. Ra3 Rbb8 43. Raa2 Bg4 44. Rab2 Rfe8 45. Ra2 Rb5 46. Rab2 Re7 47. Ra2 Rb8 48. Rab2 Rb5 49. Ra2 Rb8 50. Rab2 Rb5 1/2-1/2


[Site "https://www.chess.com"]

[Event "Titled Tuesday Blitz May 10 Early 2022"]
[White "Karacsonyi, Gellert"]
[Black "Atakhan, Abtin"]
[WhiteFideId "764620"]
[BlackFideId "22502203"]
[WhiteElo "2715"]
[BlackElo "2629"]
[Result "0-1"]
[Round "09"]
[TimeControl "180+1"]
[Date "2022.05.11"]
[WhiteClock "0:01:24"]
[BlackClock "0:01:29"]

1. e4 c5 2. Nf3 Nc6 3. d4 cxd4 4. Nxd4 g6 5. Nc3 Bg7 6. Be3 Nf6 7. Bc4 O-O 8. Bb3 d5 9. exd5 Na5 10. O-O Nxb3 11. Nxb3 b6 12. d6 Qxd6 13. Qxd6 exd6 14. Bf4 Rd8 15. Rad1 Ng4 16. h3 Ne5 17. Ne4 Bf5 18. f3 d5 19. Nc3 Bxc2 20. Rxd5 Nd3 21. Bg3 Nxb2 22. Rxd8+ Rxd8 23. Nb5 Bd3 24. Bh4 Bxf1 0-1


[Site "https://www.chess.com"]

[Event "Titled Tuesday Blitz May 10 Early 2022"]
[White "Karolczuk, Iwo"]
[Black "Kaasen, Tor Fredrik"]
[WhiteFideId "21816972"]
[BlackFideId "1516647"]
[WhiteElo "2258"]
[BlackElo "2335"]
[Result "1-0"]
[Round "09"]
[TimeControl "180+1"]
[Date "2022.05.10"]
[WhiteClock "0:00:09"]
[BlackClock "0:00:06"]

1. e4 c5 2. Nf3 d6 3. d4 cxd4 4. Nxd4 Nf6 5. Nc3 Nc6 6. f3 e5 7. Nb3 Be7 8. Be3 O-O 9. Nd5 Be6 10. c4 a5 11. Bd3 a4 12. Nd2 Nh5 13. O-O Bg5 14. Bf2 Nf4 15. Bc2 Bxd5 16. exd5 Nb4 17. Ne4 Nxc2 18. Qxc2 f5 19. Ng3 Qf6 20. Rad1 h5 21. Ne2 Rfc8 22. Nxf4 Bxf4 23. c5 dxc5 24. d6 Rc6 25. Qc4+ Kh7 26. d7 Bg5 27. Rfe1 Rd6 28. Qxc5 Rxd1 29. Rxd1 Rd8 30. Qd6 Rf8 31. Qd5 Qd8 32. Qxe5 Kh8 33. Qd5 Bf6 34. Qxb7 Qe7 35. Qd5 Qd8 36. Qxf5 Kg8 37. Qd5+ Rf7 38. b4 axb3 39. axb3 Qf8 40. Bc5 Qd8 41. b4 Be7 42. Kh1 Bxc5 43. bxc5 Kf8 44. c6 Rf6 45. c7 Qxc7 46. d8=Q+ Qxd8 47. Qxd8+ Kf7 48. Qd7+ Kg6 49. Qd3+ Kh6 50. h4 Rxf3 51. Qxf3 g5 52. Rd6+ Kh7 53. Qb7+ Kh8 54. Rd8# 1-0


[Site "https://www.chess.com"]

[Event "Titled Tuesday Blitz May 10 Early 2022"]
[White "Keller, Peter"]
[Black "Petre, Nad-Titus"]
[WhiteFideId "1272105"]
[BlackFideId "1204165"]
[WhiteElo "2275"]
[BlackElo "2354"]
[Result "1-0"]
[Round "09"]
[TimeControl "180+1"]
[Date "2022.05.11"]
[WhiteClock "0:00:14"]
[BlackClock "0:00:20"]

1. e4 c6 2. d4 d5 3. exd5 cxd5 4. Bd3 Nc6 5. c3 Nf6 6. Bf4 Bg4 7. Qb3 Qd7 8. Nd2 e6 9. Ngf3 Bd6 10. Bxd6 Qxd6 11. O-O O-O 12. Rae1 Ne7 13. Ne5 Bf5 14. Bxf5 Nxf5 15. g4 Ne7 16. f4 b5 17. f5 exf5 18. gxf5 a5 19. a3 Rfb8 20. Qd1 b4 21. axb4 axb4 22. c4 dxc4 23. Ndxc4 Qd5 24. Ne3 Qe4 25. N3g4 Qb7 26. Nxf6+ gxf6 27. Qg4+ Kf8 28. Qh4 fxe5 29. Rxe5 Ng8 30. f6 Qd7 31. Rf4 Ra1+ 32. Kf2 Rc8 33. Qxh7 Rc2+ 34. Qxc2 Qh3 35. Qc5+ 1-0


[Site "https://www.chess.com"]

[Event "Titled Tuesday Blitz May 10 Early 2022"]
[White "Khabinets, Ivan"]
[Black "Demchenko, Anton"]
[WhiteFideId "14115980"]
[BlackFideId "4160258"]
[WhiteElo "2114"]
[BlackElo "2539"]
[Result "1-0"]
[Round "09"]
[TimeControl "180+1"]
[Date "2022.05.11"]
[WhiteClock "0:00:38"]
[BlackClock "0:00:03"]

1. e4 e5 2. Nf3 Nc6 3. Bb5 a6 4. Ba4 Nge7 5. Bb3 d5 6. exd5 Nxd5 7. O-O Be6 8. Re1 Bc5 9. c3 O-O 10. d3 Bg4 11. h3 Bh5 12. Nbd2 Ba7 13. Ne4 Re8 14. Ng3 Bg6 15. Bg5 f6 16. Be3 Bxe3 17. Rxe3 Na5 18. Re1 Nxb3 19. Qxb3 Kh8 20. Rad1 b5 21. Ne4 Nf4 22. Qc2 Qd5 23. c4 bxc4 24. dxc4 Qc6 25. Nh4 Bh5 26. f3 Ne6 27. Nf5 Bg6 28. Ne3 Nd4 29. Qc3 Bxe4 30. fxe4 Qxe4 31. Nd5 Ne2+ 32. Rxe2 Qxe2 33. Re1 Qh5 34. Nxc7 h6 35. Nxa8 Rxa8 36. c5 Rc8 37. b4 Qh4 38. Rd1 Qf4 39. a4 a5 40. b5 Qxa4 41. Rb1 Qa2 42. Rc1 e4 43. b6 Qd5 44. c6 e3 45. b7 1-0


[Site "https://www.chess.com"]

[Event "Titled Tuesday Blitz May 10 Early 2022"]
[White "Kohler, Aran"]
[Black "Chernomordik, Pavel"]
[WhiteFideId "1002856"]
[BlackFideId "2804530"]
[WhiteElo "2301"]
[BlackElo "2220"]
[Result "0-1"]
[Round "09"]
[TimeControl "180+1"]
[Date "2022.05.11"]
[WhiteClock "0:00:14"]
[BlackClock "0:00:37"]

1. e4 g6 2. d4 Bg7 3. Nc3 d6 4. f4 a6 5. Nf3 b5 6. Bd3 Nd7 7. O-O c5 8. d5 c4 9. Be2 Qb6+ 10. Kh1 Ngf6 11. e5 Ng4 12. e6 fxe6 13. dxe6 Ndf6 14. Qe1 Bxe6 15. Ng5 Bf5 16. Bf3 Rd8 17. h3 Nh6 18. g4 Bc8 19. Ne6 Bxe6 20. Qxe6 Nf7 21. Nd5 Nxd5 22. Bxd5 O-O 23. Qxe7 Qd4 24. Bxf7+ Kh8 25. Be3 Qxb2 26. Rad1 Bf6 27. Qe6 Qc3 28. g5 Bg7 29. Rf3 Qxc2 30. Rd2 Qb1+ 31. Kg2 c3 32. Bd4 Qf5 0-1


[Site "https://www.chess.com"]

[Event "Titled Tuesday Blitz May 10 Early 2022"]
[White "Kosteniuk, Alexandra"]
[Black "talman67"]
[WhiteFideId "4128125"]
[WhiteElo "2469"]
[BlackElo "2361"]
[Result "1-0"]
[Round "09"]
[TimeControl "180+1"]
[Date "2022.05.11"]
[WhiteClock "0:00:10"]
[BlackClock "0:00:01"]

1. e4 e5 2. Nf3 Nc6 3. Bc4 Bc5 4. c3 Nf6 5. d4 exd4 6. cxd4 Bb4+ 7. Nbd2 Nxe4 8. d5 Ne7 9. O-O Nxd2 10. Nxd2 Bxd2 11. Bxd2 d6 12. h4 O-O 13. h5 h6 14. Qf3 Nf5 15. Bd3 Qf6 16. Rac1 c5 17. dxc6 bxc6 18. Qxc6 Rb8 19. Bc3 Qg5 20. Bxf5 Bb7 21. Bd2 Qxf5 22. Qxd6 Rbd8 23. Qf4 Qd5 24. f3 Qxd2 25. Qxd2 Rxd2 26. Rf2 Rfd8 27. Rc2 R2d5 28. Rc7 R8d7 29. Rfc2 Kf8 30. a4 a5 31. Rxd7 Rxd7 32. Kf2 Ke8 33. Ke3 Kd8 34. g4 Rd6 35. Rc4 Re6+ 36. Kf2 Rf6 37. f4 Rd6 38. b4 axb4 39. Rxb4 Bc6 40. a5 Rd2+ 41. Ke3 Ra2 42. Rb6 Kc7 43. Ra6 Bb7 44. Rb6 Rxa5 45. Rb3 Bc6 46. Rc3 Kd7 47. Rd3+ Ke6 48. Rc3 Bd5 49. Kf2 Ra2+ 50. Kg3 Rb2 51. Re3+ Kd6 52. Re8 Rb3+ 53. Kh2 Rf3 54. f5 f6 55. Rd8+ Kc5 56. Rd7 Rf2+ 57. Kg3 Rf3+ 58. Kh2 Kd4 59. Rxg7 Ke3 60. Rg6 Kf2 61. Rxf6 Re3 62. Rd6 Bf3 63. Rd2+ Kf1 64. Rd4 Kf2 65. f6 Be2 66. Rf4+ 1-0


[Site "https://www.chess.com"]

[Event "Titled Tuesday Blitz May 10 Early 2022"]
[White "Kozak, Adam"]
[Black "Barp, Alberto"]
[WhiteFideId "753246"]
[BlackFideId "872555"]
[WhiteElo "2459"]
[BlackElo "2229"]
[Result "1/2-1/2"]
[Round "09"]
[TimeControl "180+1"]
[Date "2022.05.10"]
[WhiteClock "0:00:17"]
[BlackClock "0:00:11"]

1. e4 e5 2. Nf3 Nc6 3. c3 Nf6 4. d4 Nxe4 5. Bb5 exd4 6. O-O Be7 7. Re1 Nd6 8. Bd3 O-O 9. cxd4 Ne8 10. Nc3 d5 11. Qb3 Nf6 12. Bg5 Bg4 13. Ne5 Be6 14. Qxb7 Nxd4 15. Be3 Nf5 16. Bxf5 Bxf5 17. Nc6 Qd7 18. Nxe7+ Qxe7 19. Bxa7 Qd7 20. Rad1 Be6 21. a4 Qd6 22. Nb5 Qb4 23. Bd4 c5 24. Bxf6 gxf6 25. Qc7 Rxa4 26. Nc3 Qa5 27. Qd6 Rd4 28. Ra1 Qb4 29. Re3 Rg4 30. h3 Rg5 31. Ra7 Qxb2 32. Rxe6 fxe6 33. Qxe6+ Kh8 34. Qe7 Qc1+ 35. Kh2 Qf4+ 36. Kg1 Qc1+ 37. Kh2 Qf4+ 38. Kh1 Qc1+ 39. Kh2 1/2-1/2


[Site "https://www.chess.com"]